 Dungeon Crawl Stone Soup version 0.30-a0-711-gf4ac18a38d (webtiles) character file.

Game seed: 18034241027516173656

2196 avis the Skirmisher (level 8, 0/66 HPs)
             Began as a Demigod Hunter on Jan 22, 2023.
             Slain by Amaemon
             ... wielding a -2 demon whip of venom
              (3 damage)
             ... on level 8 of the Dungeon on Jan 23, 2023.
             The game lasted 00:38:36 (6288 turns).

avis the Skirmisher (Demigod Hunter)                Turns: 6288, Time: 00:38:36

Health: 0/66       AC:  8    Str: 12    XL:     8   Next: 88%
Magic:  10/10      EV: 19    Int: 11    God:
Gold:   424        SH:  0    Dex: 25    Spells: 7/7 levels left

rFire   . . .      SeeInvis .    a - +0 shortbow
rCold   . . .      Faith    .    (shield currently unavailable)
rNeg    . . .      Spirit   .    G - +2 robe {Will+}
rPois   .          Reflect  .    z - +2 helmet
rElec   .          Harm     +    o - +0 cloak
rCorr   .          Rampage  .    (no gloves)
Will    +....                    (no boots)
Stlth   +++                      t - amulet of Mevaa {Harm Regen+}
HPRegen 1.11/turn                (no ring)
MPRegen 0.12/turn                (no ring)

@: lethally poisoned (0 -> -1), slowed, very slow
A: high MP 1, forlorn, divine attributes
a: no special abilities


You were on level 8 of the Dungeon.
You visited 2 branches of the dungeon, and saw 9 of its levels.

You collected 424 gold pieces.

Inventory:

Hand Weapons
 a - a +0 shortbow (weapon)
 b - a +0 falchion
 x - a +1 trident of venom
 D - a +2 dagger of venom
 F - a +0 long sword
 H - a +1 heavy flail
 K - a +3 trident of protection
 M - a +0 heavy hand axe
 N - a +1 vampiric trident
Missiles
 k - 12 poisoned darts
 Q - 4 boomerangs
Armour
 o - a +0 cloak (worn)
 z - a +2 helmet (worn)
 G - a +2 robe of willpower (worn)
Magical Staves
 n - a staff of earth
Jewellery
 t - an amulet of Mevaa (around neck) {Harm Regen+}
   (You found it on level 3 of the Dungeon)

   [amulet of regeneration]

   Regen:     It increases your rate of health regeneration.
   Harm:      It increases damage dealt and taken.
 A - a ring of ice
 S - an amulet of the acrobat
Wands
 C - a wand of polymorph (7)
 O - a wand of flame (21)
Scrolls
 h - 2 scrolls of magic mapping {unknown}
 i - a scroll of vulnerability {unknown}
 m - 4 scrolls of identify {unknown}
 u - 3 scrolls of blinking {unknown}
 v - 2 scrolls of brand weapon {unknown}
 w - 2 scrolls of poison {unknown}
 y - 4 scrolls of teleportation {unknown}
 E - a scroll of enchant weapon {unknown}
 I - 2 scrolls of fear {unknown}
 J - a scroll of fog {unknown}
 L - a scroll of butterflies {unknown}
 R - a scroll of amnesia
Potions
 c - 3 potions of might {unknown}
 d - 2 potions of mutation {unknown}
 e - 8 potions of curing
 f - 5 potions of heal wounds {unknown}
 g - a potion of ambrosia {unknown}
 j - 2 potions of attraction {unknown}
 l - a potion of berserk rage {unknown}
 p - a potion of lignification {unknown}
 q - a potion of brilliance {unknown}
 r - 3 potions of resistance {unknown}
 s - a potion of invisibility {unknown}
 B - a potion of magic {unknown}
 P - a potion of degeneration {unknown}


   Skills:
 - Level 4.0 Fighting
 - Level 8.0 Ranged Weapons
 * Level 7.7 Dodging
 - Level 2.0 Stealth


You had 7 spell levels left.
You didn't know any spells.
Your spell library contained the following spells:

 Spells                   Type           Power      Damage    Failure   Level
 Freeze                   Ice            0%         1d3       34%         1
 Frozen Ramparts          Ice            0%         1d1       71%         3
 Hailstorm                Conj/Ice       0%         3d3       71%         3


Dungeon Overview and Level Annotations

Branches:
Dungeon (8/15)             Temple (1/1) D:5
   Lair: D:8-11

Shops:
D:7 *

Annotations:
D:5 2 transporters, jejorda2's ghost, novice MfBe
D:7 3 runed translucent doors, bjtr's ghost, novice OgEE
D:8 Amaemon; Pikel


Innate Abilities, Weirdness & Mutations

You have an increased reservoir of magic. (+10% MP)
You shall have no god before yourself.
Your divine heritage dramatically boosts your attributes as you level up.


Message History

The arrow barely misses the orange demon.
The arrow closely misses Pikel.
The arrow closely misses the orc.
The arrow closely misses the lemure.
The arrow barely misses the orc warrior.
The scorpion misses you. Amaemon misses you. Amaemon completely misses you. x2
The orange demon closely misses you. The scorpion misses you.
Fire: a) +0 shortbow
Press: ? - help, Q - select action, (/) - cycle Shift-Dir - straight line, f/p - Amaemon
Aim: Amaemon, wielding a -2 demon whip of venom (heavily wounded, 64% to hit)
You shoot an arrow. The arrow hits Amaemon.
Amaemon is heavily wounded.
The orange demon no longer looks unusually toxic.
Amaemon barely misses you. x2
Amaemon tail-slaps you but does no damage.
The orange demon barely misses you. The scorpion misses you.
Amaemon hits you with a -2 demon whip of venom!
* * * LOW HITPOINT WARNING * * *
You are poisoned.
Amaemon claws you.
* * * LOW HITPOINT WARNING * * *
Amaemon closely misses you. The orange demon stings you from afar!
* * * LOW HITPOINT WARNING * * *
The scorpion misses you.
You feel better.
The scorpion disappears in a puff of smoke!
The orange demon stings you but does no damage.
Amaemon hits you with a -2 demon whip of venom.
* * * LOW HITPOINT WARNING * * *
You are poisoned.
Amaemon claws you but does no damage. Amaemon closely misses you.
Fire: a) +0 shortbow
Press: ? - help, Q - select action, (/) - cycle Shift-Dir - straight line, f/p - Amaemon
Aim: Amaemon, wielding a -2 demon whip of venom (heavily wounded, 64% to hit)
You shoot an arrow. The arrow hits Amaemon.
Amaemon is heavily wounded.
You feel very sick. The orange demon misses you. Amaemon misses you.
Amaemon claws you.
* * * LOW HITPOINT WARNING * * *
Amaemon tail-slaps you.
You die...

..## #...... #.#.
#......... ##.#.
#...?...... .!.!
#.......... # ...
######........ .###. ..
....#........ ## .!....#.
...........#######..#..#
#......<
..........o5oK46@ยง.....#
..###.#.
..........o55######.....
# #. /.......>...## .##
#. ............# #y
....?..<.5..# ..
..........5..... ..
)......5...###... .#
....#.....## ##
#######...#


You could see Amaemon, an orange demon, Pikel, an orc warrior, 3 lemures and 2
orcs.

Vanquished Creatures
  Prince Ribbit (D:7)
  A steam dragon (D:8)
  2 sky beasts (D:7)
  3 black bears
  2 ogres
  Blork the orc (D:4)
  A bullfrog (D:8)
  A phantom (D:5)
  5 necrophages
  A scorpion (D:6)
  3 orc priests
  5 hounds
  6 iguanas
  Jessica (D:2)
  2 orc wizards (D:4)
  Robin (D:4)
  4 gnolls
  7 adders
  A white imp (D:7)
  3 worms
  33 orcs
  2 ball pythons
  3 bats
  7 endoplasms
  4 giant cockroaches
  11 goblins
  15 hobgoblins
  4 quokkas
  3 frilled lizards
  9 kobolds
  4 rats
  A bush (D:2)
  A butterfly (D:5)
148 creatures vanquished.

Vanquished Creatures (others)
  A plant (D:2)
1 creature vanquished.

Grand Total: 149 creatures vanquished

Notes
Turn   | Place    | Note
-------+----------+-------------------------------------------
     0 | D:1      | avis the Demigod Hunter began the quest for the Orb.
     0 | D:1      | Reached XP level 1. HP: 17/17 MP: 3/3
   236 | D:1      | Reached skill level 4 in Ranged Weapons
   256 | D:1      | Reached XP level 2. HP: 24/24 MP: 4/4
   708 | D:2      | Noticed Jessica
   730 | D:2      | Killed Jessica
   731 | D:2      | Reached skill level 1 in Stealth
   731 | D:2      | Reached XP level 3. HP: 29/29 MP: 5/5
   838 | D:2      | Identified the +0 mace of Crawling {elec, rC+ Will- Int+6}
  1127 | D:2      | Reached XP level 4. HP: 23/37 MP: 6/6
  1746 | D:3      | Identified an amulet of Mevaa {Harm Regen+}
  1956 | D:3      | Reached XP level 5. HP: 45/45 MP: 7/7
  2180 | D:3      | Reached skill level 5 in Ranged Weapons
  2635 | D:4      | Reached XP level 6. HP: 51/51 MP: 8/8
  2695 | D:4      | Noticed Robin
  2699 | D:4      | Killed Robin
  2707 | D:4      | Reached skill level 6 in Ranged Weapons
  2869 | D:4      | Noticed Blork the orc
  3153 | D:4      | Killed Blork the orc
  3372 | D:4      | Reached XP level 7. HP: 48/57 MP: 9/9
  3411 | D:4      | Reached skill level 5 in Dodging
  3607 | D:5      | Entered Level 5 of the Dungeon
  3649 | D:5      | Found a staircase to the Ecumenical Temple.
  3675 | Temple   | Entered the Ecumenical Temple
  3993 | D:5      | Reached XP level 8. HP: 66/66 MP: 10/10
  4078 | D:5      | Found a transporter.
  4078 | D:5      | Noticed jejorda2's ghost (novice MfBe)
  4085 | D:5      | Reached skill level 7 in Ranged Weapons
  4110 | D:5      | Found a transporter.
  5461 | D:7      | Noticed Prince Ribbit
  5473 | D:7      | Reached skill level 8 in Ranged Weapons
  5485 | D:7      | Killed Prince Ribbit
  5886 | D:7      | Found Atazucos's General Store.
  5964 | D:7      | Found a runed translucent gate.
  5965 | D:7      | Found a runed translucent gate.
  5966 | D:7      | Found a runed translucent gate.
  5966 | D:7      | Identified the +1 chain mail of the Stag {Harm Rampage}
  5968 | D:7      | Noticed bjtr's ghost (novice OgEE)
  6190 | D:8      | Noticed a hornet
  6245 | D:8      | Noticed Amaemon
  6247 | D:8      | Noticed an orange demon
  6251 | D:8      | Noticed Pikel
  6286 | D:8      | HP: 1/66 [orange demon[Amaemon] (14)]
  6288 | D:8      | Slain by Amaemon

Illustrated notes

Levels and vault maps discovered:
D:1:      dpeg_arrival_orchard, layout_basic, minmay_tromino_v2
D:2:      layout_loops_ring, serial_forest, infiniplex_forest_end_1,
          infiniplex_forest_clump_long, infiniplex_forest_end_2,
          infiniplex_forest_3_way, infiniplex_forest_end_2,
          infiniplex_forest_clump_tiny, uniq_jessica
D:3:      layout_rooms, kennysheep_orc_sif_temple, minmay_misc_feat_chi,
          roderic_roman_lattice, minmay_misc_feat_columns, hangedman_glass_teeth
D:4:      layout_loops_cross, kennysheep_little_box,
          eat_drink_and_be_merry_uskayaw, minmay_mini_jars, uniq_blork_the_orc,
          uniq_robin
D:5:      layout_loops_ring, minmay_temple_entry_butterflies,
          gammafunk_ghost_mausoleum, kennysheep_cross_bottleneck,
          minmay_misc_feat_rows
D:6:      layout_cave_pods, chequers_temple_overflow_minitemple,
          nicolae_vehumet_radiance, lightli_orcish_oven
D:7:      layout_basic, serial_shops, nicolae_take_the_stairs,
          biasface_ghost_orc_armoury, uniq_prince_ribbit1
D:8:      layout_rooms, serial_shops, nicolae_lakefront_shop,
          grunt_ministairs_2, uniq_pikel, uniq_amaemon
Temple:   nicolae_temple_superstar

Skill      XL: |  1  2  3  4  5  6  7  8 |
---------------+-------------------------+-----
Fighting       | 2 3 4 |  4.0
Ranged Weapons | 4 5 6 8 |  8.0
Dodging        | 3 4 6 7 |  7.7
Stealth        | 1 2 |  2.0

Action                     |  1- 3 |  4- 6 |  7- 9 || total
---------------------------+-------+-------+-------++-------
   Fire: Shortbow          |    89 |   286 |   221 ||   596
    Use: Scroll            |       |       |     1 ||     1
         Potion            |       |       |     3 ||     3
 Armour: Leather armour    |    12 |    15 |       ||    27
         Robe              |       |     7 |    39 ||    46
  Dodge: Dodged            |    30 |    90 |   150 ||   270

Table legend: (Time is in decaauts)
 A = Elapsed time spent in this place.
 B = Non-inter-level travel time spent in this place.
 C = Inter-level travel time spent in this place.
 D = Time resting spent in this place.
 E = Time spent auto-exploring this place.
 F = Levels seen in this place.
 G = Mean time per level.
                   A        B        C        D        E       F      G
               +--------+--------+--------+--------+--------+-----+--------+
         Total |   6449 |   5865 |    584 |    380 |   3817 |   9 |  716.6 |
       Dungeon |   6433 |   5849 |    584 |    380 |   3817 |   8 |  804.1 |
        Temple |     16 |     16 |      0 |      0 |      0 |   1 |   16.0 |
               +--------+--------+--------+--------+--------+-----+--------+

Top non-repeatable levels by time:
     D:4: 1070 daAuts
     D:2: 1063 daAuts
     D:6: 984 daAuts
     D:3: 904 daAuts
     D:7: 876 daAuts
     D:5: 753 daAuts
     D:1: 720 daAuts
     D:8: 60 daAuts
  Temple: 16 daAuts
